 Dungeon Crawl Stone Soup version 0.20.1-1-g8b1a95d (webtiles) character file.

84 JeffiDaFish the Stinger (level 4, -2/24 HPs)
             Began as a Gargoyle Venom Mage on July 16, 2017.
             Killed from afar by Natasha (6 damage)
             ... with a magic dart
             ... on level 3 of the Dungeon.
             The game lasted 00:08:54 (1643 turns).

JeffiDaFish the Stinger (Gargoyle Venom Mage)       Turns: 1643, Time: 00:08:55

Health: -2/24      AC:  6    Str: 12    XL:     4   Next: 46%
Magic:  5/8        EV: 11    Int: 16    God:
Gold:   84         SH:  0    Dex: 10    Spells: 2/8 levels left

rFire    . . .     SeeInvis .   e - +0 dagger
rCold    . . .     Gourm    .   (no shield)
rNeg     + . .     Faith    .   f - +0 leather armour
rPois    ∞         Spirit   .   (no helmet)
rElec    +         Reflect  .   (no cloak)
rCorr    .         Harm     .   (no gloves)
MR       .....                  (no boots)
Stlth    ++........             (no amulet)
Regen    0.1/turn               (no ring)
MPRegen  0.2/turn               (no ring)

@: slowed, very slow
A: negative energy resistance 1, electricity resistance, unbreathing,
petrification resistance, rot immunity, AC +3
a: no special abilities


You were on level 3 of the Dungeon.
You were not hungry.

You visited 1 branch of the dungeon, and saw 4 of its levels.

You collected 84 gold pieces.

Inventory:

Hand Weapons
 e - a +0 dagger (weapon)
Armour
 f - a +0 leather armour (worn)
Scrolls
 d - a scroll of identify
 g - a scroll of remove curse
Potions
 i - a potion of invisibility
Books
 b - a Young Poisoner's Handbook

   Spells                             Type                      Level
   a - Sting                          Conjuration/Poison           1
   b - Poisonous Vapours              Poison/Air                   2
   c - Mephitic Cloud                 Conjuration/Poison/Air       3
   d - Olgreb's Toxic Radiance        Poison                       4
   e - Venom Bolt                     Conjuration/Poison           5
Comestibles
 a - a meat ration
 c - 4 bread rations


   Skills:
 + Level 0.2 Armour
 + Level 1.9 Dodging
 + Level 2.5 Stealth
 + Level 2.9 Spellcasting
 + Level 1.7 Conjurations
 + Level 0.2 Air Magic
 + Level 3.7 Poison Magic


You had 2 spell levels left.
You knew the following spells:

 Your Spells              Type           Power        Failure   Level  Hunger
a - Sting                 Conj/Pois      ##..         8%          1    #......
b - Poisonous Vapours     Pois/Air       #.....       16%         2    ##.....
c - Mephitic Cloud        Conj/Pois/Air  #.......     32%         3    ###....


Dungeon Overview and Level Annotations

Branches:
Dungeon (4/15)
 Temple: D:4-7

Altars:

Annotations:
D:3 Natasha
D:4 Chaoticas's ghost, amateur MiFi


Innate Abilities, Weirdness & Mutations

You are resistant to torment.
Your stone body is resilient. (AC +3)
You are immune to poison.
You resist negative energy. (rN+)
You are resistant to electric shocks. (rElec)
You can survive without breathing.
You are immune to petrification.
You are immune to rotting.


Message History

You hit Natasha.
Natasha is severely wounded.
Natasha barely misses you. Natasha claws you.
You closely miss Natasha.
Natasha is severely wounded.
Natasha barely misses you.
You closely miss Natasha.
Natasha is severely wounded.
Natasha claws you but does no damage. Natasha claws you.
You closely miss Natasha.
Natasha is severely wounded.
Natasha barely misses you.
You closely miss Natasha.
Natasha is severely wounded.
Natasha casts a spell at you. The magic dart hits you!
* * * LOW HITPOINT WARNING * * *
Natasha stares at you and mumbles some strange words.
The magic dart hits you!
You die...

#.# #.# #.# ###.#
...## .5. #h#
################@#
..>..............#
##################


You could see Natasha and a shadow imp.

Vanquished Creatures
  An iguana (D:3)
  An adder (D:2)
  An ooze (D:1)
  An adder skeleton (D:4)
  4 dart slugs (D:1)
  A leopard gecko (D:2)
  3 giant cockroaches (D:1)
  2 goblins (D:1)
  4 hobgoblins
  3 jackals (D:4)
  6 bats
  2 frilled lizards
  6 kobolds
  A rat (D:2)
36 creatures vanquished.

Notes
Turn   | Place    | Note
-------+----------+-------------------------------------------
     0 | D:1      | JeffiDaFish the Gargoyle Venom Mage began the quest for the Orb.
     0 | D:1      | Reached XP level 1. HP: 10/10 MP: 3/3
     4 | D:1      | Noticed an elephant
     7 | D:1      | Noticed a four-headed hydra
   222 | D:1      | Reached XP level 2. HP: 11/15 MP: 3/5
   277 | D:1      | Learned a level 2 spell: Poisonous Vapours
   537 | D:1      | Reached XP level 3. HP: 19/19 MP: 1/6
  1201 | D:2      | Learned a level 3 spell: Mephitic Cloud
  1451 | D:2      | You fall through a shaft for 2 floors!
  1491 | D:4      | Reached XP level 4. HP: 24/24 MP: 1/8
  1528 | D:4      | Noticed Chaoticas's ghost (amateur MiFi)
  1594 | D:3      | Noticed Natasha
  1643 | D:3      | Killed from afar by Natasha

Action                   |  1- 3 |  4- 6 || total
-------------------------+-------+-------++-------
Melee: Dagger            |    35 |    56 ||    91
 Cast: Sting             |    12 |     1 ||    13
       Poisonous Vapours |    26 |       ||    26
       Mephitic Cloud    |       |     3 ||     3
  Use: Scroll            |     5 |       ||     5
       Potion            |     4 |       ||     4
 Stab: Sleeping          |     1 |       ||     1
       Confused          |       |     1 ||     1
  Eat: Chunk             |     4 |     1 ||     5
Armor: Robe              |     6 |       ||     6
       Leather armour    |     9 |    18 ||    27
Dodge: Dodged            |    17 |    37 ||    54
